 Dungeon Crawl Stone Soup version 0.18-a0-1572-g0a86841 (webtiles) character file.

107069 M4edhros the Spry (level 17, -9/99 HPs)
             Began as a Kobold Chaos Knight on Mar 15, 2016.
             Was an Initiate of Gozag.
             Splashed by a deep elf sorcerer's acid (12 damage)
             ... led by a deep elf high priest
             ... on level 1 of the Elven Halls.
             The game lasted 01:25:24 (95966 turns).

M4edhros the Spry (Kobold Chaos Knight)            Turns: 95966, Time: 01:25:26

Health: -9/99      AC: 16    Str: 18    XL:     17   Next: 0%
Magic:  19/19      EV: 29    Int:  8    God:    Gozag
Gold:   207        SH: 14    Dex: 33    Spells: 0 memorised, 16 levels left

rFire  + . .     SeeInvis +     U - +9 eveningstar (crush)
rCold  + . .     Gourm    .     m - +0 plate armour
rNeg   . . .     Faith    +     j - +4 buckler of Chill Winds {*Confuse rF+ Int+3 Dex+5}
rPois  .         Spirit   .     x - +4 hat of Tulips {Stlth+}
rElec  +         Dismiss  .     Z - +1 cloak of Dohexuzu {rF+ Str+2 Dex+2}
rCorr  .         Reflect  .     o - +0 pair of gloves
SustAt .         Harm     .     (no boots)
MR     +....     Rnd*Rage +     c - amulet of faith
Stlth  ..........               N - ring of Pride {Ice rElec Int-5 Dex+4 Slay+3}
                                H - +5 ring of strength

@: somewhat resistant to hostile enchantments, extremely unstealthy
A: claws 1, repulsion field 1, camouflage 1, see invisible, berserk 1, carnivore
3, deformed body, wild magic 1, evolution 1, sturdy frame 1
a: Potion Petition, Call Merchant, Bribe Branch, Renounce Religion


You were on level 1 of the Elven Halls.
You worshipped Gozag.
Gozag was noncommittal.
You were not hungry.

You visited 5 branches of the dungeon, and saw 26 of its levels.
You also visited: Sewer, Ossuary, Ice Cave and Volcano.

You collected 7157 gold pieces.
You spent 375 gold pieces at shops.
You paid 6575 gold pieces to Gozag.

Inventory:

Hand Weapons
 G - the +10 hand axe of Poverty {holy, MR+ Str+4 Int+3}
   (You took it off an orc on level 11 of the Dungeon)

   It has been blessed by the Shining One to cause great damage to the undead
   and demons.
   It affects your strength (+4).
   It affects your intelligence (+3).
   It affects your resistance to hostile enchantments.
 U - a +9 eveningstar of crushing (weapon)
Armour
 j - the +4 buckler of Chill Winds (worn) {*Confuse rF+ Int+3 Dex+5}
   (You found it on level 6 of the Lair of Beasts)

   It affects your intelligence (+3).
   It affects your dexterity (+5).
   It protects you from fire.
   It may confuse you when you take damage.
 m - a +0 plate armour (worn)
 o - a +0 pair of gloves (worn)
 x - the +4 hat of Tulips (worn) {Stlth+}
   (You acquired it on level 7 of the Lair of Beasts)

   It makes you more stealthy.
 Z - the +1 cloak of Dohexuzu (worn) {rF+ Str+2 Dex+2}
   (You found it on level 8 of the Dungeon)

   It affects your strength (+2).
   It affects your dexterity (+2).
   It protects you from fire.
Rods
 i - a +8 rod of ignition (2/11)
   (You acquired it on level 8 of the Dungeon)
 l - a +1 rod of shadows (10/10)
   (Xom gifted it to you on level 3 of the Dungeon)
 u - a +2 iron rod (9/9)
   (Xom gifted it to you in the Ecumenical Temple)
Jewellery
 c - an amulet of faith (around neck)
 n - the ring "Zaloir" {rF+ MR+ Str+2}
   (Xom gifted it to you on level 3 of the Dungeon)

   [ring of strength]

   It affects your strength (+2).
   It protects you from fire.
   It affects your resistance to hostile enchantments.
 q - an uncursed amulet of guardian spirit
 H - a +5 ring of strength (left hand)
 N - the ring of Pride (right hand) {Ice rElec Int-5 Dex+4 Slay+3}
   (You found it on level 1 of the Lair of Beasts)

   [ring of ice]

   It enhances your ice magic, and weakens your fire magic.
   It affects your intelligence (-5).
   It affects your dexterity (+4).
   It affects your accuracy and damage with ranged weapons and melee attacks
   (+3).
   It makes you vulnerable to fire.
   It protects you from cold.
   It insulates you from electricity.
Wands
 a - a wand of teleportation (0/9)
 b - a wand of lightning (2/15)
 g - a wand of digging (14/24)
 h - a wand of acid (4/15)
 r - a wand of digging (17/24)
 y - a wand of iceblast (9/15)
 I - a wand of heal wounds (6/9)
 R - a wand of lightning (3/15)
 T - a wand of acid (3/15)
 V - a wand of disintegration (14/24)
 X - a wand of acid (10/15)
 Y - a wand of paralysis (8/24)
Scrolls
 d - 4 scrolls of blinking
 e - 2 scrolls of fog
 k - 6 scrolls of recharging
 p - 2 scrolls of fear
 s - 5 scrolls of teleportation
 M - 2 scrolls of enchant armour
Potions
 t - a potion of berserk rage
 z - 8 potions of might
 B - a potion of lignification
 D - 3 potions of flight
 E - 5 potions of curing
 F - a potion of ambrosia
 J - 2 potions of magic
 L - a potion of resistance
 S - 3 potions of haste
Miscellaneous
 f - a lamp of fire
 K - a phantom mirror
 Q - a sack of spiders {used: 3}
 W - a box of beasts {used: 1}
Comestibles
 O - 2 meat rations


   Skills:
 - Level 8.9 Fighting
 * Level 7.6(12.0) Maces & Flails
   Level 6.3(10.3) Polearms
   Level 13.3(14.5) Staves
 * Level 8.5 Armour
 - Level 19.1 Dodging
 * Level 7.6 Shields
 + Level 3.2 Evocations


You had 16 spell levels left.
You didn't know any spells.

Dungeon Overview and Level Annotations

Branches:
Dungeon (14/15)            Temple (1/1) D:6            Lair (8/8) D:9
 Shoals (0/4) Lair:5        Snake (0/4) Lair:6        Slime (0/6) Lair:6
    Orc (2/2) D:12            Elf (1/3) Orc:2        Vaults (0/5) D:14

Altars:
Ashenzari
Cheibriados
Dithmenos
Elyvilon
Fedhas
Gozag
Kikubaaqudgha
Makhleb
Nemelex Xobeh
Okawaru
Pakellas
Qazlal
Ru
Sif Muna
Trog
Vehumet
Xom
Yredelemnul
Zin
The Shining One
Beogh
Jiyva

Shops:
Orc:1 }   Orc:2 :[*=*[***(

Annotations:
D:3 exclusion: door


Innate Abilities, Weirdness & Mutations

You are small and have problems with some larger weapons.
You are carnivorous and can eat meat at any time.
You have sharp fingernails.
You are surrounded by a mild repulsion field (EV +2).
Your skin changes colour to match your surroundings (Stealth).
You have supernaturally acute eyesight.
You tend to lose your temper in combat.
Armour fits poorly on your strangely shaped body.
Your spells are a little harder to cast, but a little more powerful.
You evolve.
Your movements are slightly less encumbered by armour (ER -2).


Message History

The orb of energy misses you.
The deep elf sorcerer is empowered by the deep elf high priest's aura!
The deep elf annihilator is empowered by the deep elf high priest's aura!
Found 17 stones and 17 gold pieces.
Read which item? (? for menu, Esc to quit)
As you read the scroll of fear, it crumbles to dust.
You assume a fearsome visage.
The fire elemental is unaffected.
The deep elf high priest looks frightened!
The deep elf sorcerer easily resists.
The deep elf knight easily resists.
The deep elf mage resists with some effort.
The deep elf annihilator looks frightened!
The deep elf annihilator resists with almost no effort.
The deep elf knight looks frightened!
The deep elf sorcerer looks frightened!
The deep elf sorcerer casts a spell at you.
The bolt of acid hits you!
* * * LOW HITPOINT WARNING * * *
The acid burns!
You die...
Xom snickers!
Your body crumbles into a pile of gold.

#... ##... # .#..## .
##. ###....# ... ##e###
#..e.... ....##e.e.##
..e.... .....(.....##
#ee...
#....@.eE§########ee..
#........e..§eeee.e$Ee..
....)>....##########.###
..§.....................
.$.(....e...######.#####
##.#####...## ##>## #.
##.## ##.## #
.#####.####.#######
...................


You could see 2 deep elf annihilators, a deep elf sorcerer, 3 deep elf knights,
a deep elf high priest (fleeing), a deep elf mage and a fire elemental.

Vanquished Creatures
  Rupert (D:14)
  A shadow dragon (IceCv)
  An orc warlord (Orc:2)
  Snorg (D:13)
  An ogre mage (Volcano)
  Erolcha (D:8)
  Fannar (Orc:1)
  4 centaur warriors
  A catoblepas (Lair:8)
  10 hydras
  A death knight (D:12)
  A deep troll shaman (Lair:8)
  2 tengu warriors
  10 death yaks
  An orc high priest (Orc:2)
  Urug (D:13)
  Nergalle (Lair:3)
  A deep elf knight (Elf:1)
  A skeletal warrior (D:14)
  7 hill giants
  7 orc knights
  3 griffons
  6 ugly things
  2 lindwurms
  8 deep elf magi (Elf:1)
  6 orc sorcerers
  An oklob plant (Lair:4)
  3 cyclopes
  11 elephants
  3 black mambas
  An ice statue (IceCv)
  2 molten gargoyles (Volcano)
  A torpor snail (Lair:6)
  A gargoyle (D:12)
  14 spiny frogs
  4 komodo dragons
  A rime drake (Lair:1)
  3 trolls
  2 ice devils (D:14)
  7 two-headed ogres
  18 polar bears
  13 blink frogs
  2 slime creatures (D:12)
  An air elemental (Elf:1)
  2 shadows (D:13)
  A wraith (D:9)
  74 yaks
  3 wyverns
  15 humans
  A water elemental (Elf:1)
  A steam dragon (D:9)
  7 hippogriffs
  2 fire bats
  A basilisk (Lair:8)
  2 hungry ghosts
  3 vampire mosquitoes (D:12)
  4 wargs
  6 swamp worms (Lair:3)
  A spatial vortex (Orc:1)
  2 nagas (Lair:6)
  12 water moccasins
  18 porcupines
  Purgy (Sewer)
  7 black bears
  Duvessa (D:4)
  7 sky beasts
  A wasp (D:13)
  23 orc warriors
  12 ogres
  3 phantoms
  27 wolves
  4 ice beasts
  24 centaurs
  20 crocodiles
  A big kobold (D:8)
  A gnoll sergeant (D:6)
  28 giant frogs
  A big kobold (shapeshifter) (D:3)
  A wyvern zombie (D:6)
  Dowan (D:4)
  A wyvern skeleton (D:13)
  3 scorpions
  8 wights
  9 killer bees
  2 electric eels (D:9)
  5 howler monkeys
  9 crimson imps
  2 giant frog zombies
  2 centaur zombies
  6 hounds
  4 jellies
  2 quasits
  11 orc priests
  A giant frog skeleton (D:13)
  17 orc wizards
  3 centaur skeletons
  13 iguanas
  Ijyb (D:3)
  8 worker ants
  25 sheep
  A big kobold zombie (Ossuary)
  A hound zombie (D:11)
  8 mummies (Ossuary)
  3 worker ant zombies
  19 adders
  7 gnolls
  79 river rats
  A shadow imp (D:9)
  An ufetubus (D:3)
  2 adder zombies
  An adder skeleton (D:7)
  14 worms
  2 dart slugs
  9 giant geckos
  68 orcs
  3 ball pythons
  6 giant cockroaches
  14 goblins
  10 hobgoblins
  14 jackals
  6 quokkas
  A ball python (shapeshifter) (D:3)
  10 bats
  A giant gecko skeleton (D:7)
  9 giant newts
  3 hobgoblin zombies (Ossuary)
  19 kobolds
  A kobold zombie (Ossuary)
  3 orc zombies (Ossuary)
  A quokka skeleton (D:5)
  A quokka zombie (D:8)
  10 rats
  2 butterflies (Lair:7)
948 creatures vanquished.

Vanquished Creatures (collateral kills)
  A hydra (D:9)
  2 slime creatures (D:12)
  2 elephants (Lair:6)
  An orc (D:11)
6 creatures vanquished.

Vanquished Creatures (others)
  5 yaks (Lair:3)
  A wolf (IceCv)
  A centaur (D:14)
  A worm (Lair:3)
  3 orcs
  4 fungi
  4 plants
19 creatures vanquished.

Grand Total: 973 creatures vanquished

Notes
Turn   | Place    | Note
--------------------------------------------------------------
     0 | D:1      | M4edhros the Kobold Chaos Knight began the quest for the Orb.
     0 | D:1      | Reached XP level 1. HP: 14/14 MP: 1/1
   289 | D:1      | XOM: harmless Trmt miscast
   429 | D:1      | Reached XP level 2. HP: 19/19 MP: 2/2
  1425 | D:2      | XOM: noise
  1433 | D:2      | Reached XP level 3. HP: 18/23 MP: 3/3
  1626 | D:2      | XOM: mild Tloc miscast
  1691 | D:2      | XOM: harmless Erth miscast
  1807 | D:2      | XOM: scenery: create altars
  1956 | D:2      | XOM: medium Chrm miscast
  2291 | D:2      | XOM: divination: magic mapping
  2318 | D:2      | XOM: give mutation
  2318 | D:2      | Gained mutation: You are agile. (Dex +2) [Xom's grace]
  2645 | D:2      | XOM: god gift: twisted moonstone ring {god gift}
  2718 | D:2      | XOM: harmless Conj miscast
  2872 | D:2      | XOM is BORED!
  2872 | D:2      | XOM: medium Conj miscast
  3095 | D:2      | XOM: colour smoke trail
  3429 | D:2      | XOM: silly message
  3634 | D:2      | XOM: god gift: ring mail {god gift}
  3948 | D:2      | Reached XP level 4. HP: 28/28 MP: 4/4
  4235 | D:2      | XOM: mild Erth miscast
  4998 | D:2      | XOM: 2-stop teleportation journey
  5608 | D:2      | XOM: silly message
  5639 | D:2      | XOM: mild Hex miscast
  5840 | D:2      | XOM is BORED!
  5840 | D:2      | XOM: noise
  6141 | D:2      | XOM: mild Chrm miscast
  6536 | D:2      | XOM: give mutations
  6536 | D:2      | Gained mutation: Scrolls take you a little longer to read. [Xom's mischief]
  6536 | D:2      | Gained mutation: You tend to lose your temper in combat. [Xom's mischief]
  6536 | D:2      | Lost mutation: Scrolls take you a little longer to read. [Xom's mischief]
  6913 | D:2      | XOM: colour smoke trail
  7253 | D:2      | XOM: silly message
  8028 | D:2      | Noticed an orc warrior
  8030 | D:2      | Noticed an orc warrior
  8030 | D:2      | Noticed a warg
  8031 | D:2      | Noticed an orc knight
  8032 | D:2      | Noticed an orc warrior
  8049 | D:2      | an orc warrior changed into a jelly
  8049 | D:2      | XOM: polymorph orc warrior -> jelly
  8053 | D:2      | XOM: summons friendly crimson imp
  8057 | D:2      | XOM: summons 2 friendly demons
  8068 | D:2      | XOM: divination: magic mapping
  8069 | D:2      | Noticed an orc warrior
  8084 | D:2      | XOM: medium Conj miscast
  8096 | D:2      | XOM: confuse monster(s)
  8098 | D:2      | XOM: confuse monster(s)
  8110 | D:2      | Killed an orc warrior
  8110 | D:2      | Reached XP level 5. HP: 16/32 MP: 5/5
  8117 | D:2      | XOM: summons 5 friendly demons
  8129 | D:2      | XOM: summons 4 friendly demons
  8133 | D:3      | XOM: cast spell 'Disjunction'
  8138 | D:3      | Noticed Ijyb
  8154 | D:3      | Killed Ijyb
  8750 | D:3      | XOM: mild Divn miscast
  8761 | D:3      | XOM: divination: detect items
  8869 | D:3      | XOM: summons 2 hostile demons
  9275 | D:3      | XOM: colour smoke trail
  9470 | D:3      | XOM: god gift: hunting sling {god gift}
  9628 | D:3      | XOM: vitrification
  9678 | D:3      | XOM: god gift: curved runed rod {god gift}
  9680 | D:3      | Identified a +1 rod of shadows (10/10) (Xom gifted it to you on level 3 of the Dungeon)
  9796 | D:3      | Reached skill level 5 in Polearms
  9796 | D:3      | Reached XP level 6. HP: 28/37 MP: 6/6
  9913 | D:3      | XOM: 2-stop teleportation journey
 10406 | D:3      | XOM: god gift: wavering silver ring {god gift}
 10407 | D:3      | Got a wavering silver ring {god gift}
 10408 | D:3      | Identified the ring "Zaloir" {rF+ MR+ Str+2} (Xom gifted it to you on level 3 of the Dungeon)
 10493 | D:3      | XOM: god gift: pair of gloves {god gift}
 10613 | D:3      | XOM: vitrification
 11696 | D:3      | XOM: give mutation
 11696 | D:3      | Gained mutation: You are robust (+10% HP). [Xom's grace]
 12030 | D:3      | XOM: vitrification
 12474 | D:3      | XOM is BORED!
 12474 | D:3      | XOM: 3-stop teleportation journey
 12627 | D:3      | XOM: 4-stop teleportation journey
 12739 | D:3      | Gained mutation: Your natural rate of healing is unusually fast. [mutagenic meat]
 12740 | D:3      | Lost mutation: You are agile. (Dex +2) [mutagenic meat]
 12741 | D:3      | Gained mutation: You are surrounded by a mild repulsion field (EV +2). [mutagenic meat]
 12757 | D:3      | XOM: god gift: smoky dark potion
 12898 | D:3      | XOM: noise
 13235 | D:3      | XOM: colour smoke trail
 13305 | D:3      | XOM: give mutations
 13305 | D:3      | Gained mutation: You are surrounded by a moderate repulsion field (EV +3). [Xom's grace]
 13305 | D:3      | Gained mutation: Your spells are a little harder to cast, but a little more powerful. [Xom's grace]
 13305 | D:3      | Gained mutation: You are partially covered in iridescent scales (AC +4). [Xom's grace]
 14117 | D:3      | XOM: vitrification
 14662 | D:3      | XOM: silly message
 14917 | D:3      | XOM: give mutations
 14917 | D:3      | Lost mutation: Your natural rate of healing is unusually fast. [Xom's mischief]
 14917 | D:3      | Gained mutation: Scrolls take you a little longer to read. [Xom's mischief]
 14917 | D:3      | Lost mutation: You are robust (+10% HP). [Xom's mischief]
 14917 | D:3      | Gained mutation: You are dopey. (Int -2) [Xom's mischief]
 14931 | D:3      | XOM: colour smoke trail
 15335 | D:3      | XOM: medium Tloc miscast
 15335 | D:3      | XOM: smoke on damage
 15729 | D:3      | Noticed a hornet
 15742 | D:3      | XOM: harmless Trmt miscast
 15745 | D:3      | XOM: mild Erth miscast
 15757 | D:3      | Noticed a tarantella
 15757 | D:3      | a hornet changed into a tarantella
 15757 | D:3      | XOM: polymorph hornet -> tarantella
 15801 | D:3      | XOM: god gift: 37 gold pieces
 15850 | D:3      | XOM: mild Hex miscast
 16258 | D:3      | XOM: silly message
 16421 | D:3      | XOM: cast spell 'Necromutation'
 17285 | D:3      | Noticed a human
 17292 | D:3      | XOM: silly message
 17306 | D:3      | a human changed into a big kobold
 17325 | D:3      | Reached XP level 7. HP: 36/41 MP: 7/7
 17539 | D:3      | XOM: silly message
 17891 | D:3      | XOM: scenery: create altars
 18443 | D:3      | XOM: give mutations
 18443 | D:3      | Gained mutation: You are agile. (Dex +2) [Xom's grace]
 18443 | D:3      | Gained mutation: You have a pair of small antennae on your head. [Xom's grace]
 18443 | D:3      | Gained mutation: Your spells are harder to cast, but more powerful. [Xom's grace]
 18443 | D:3      | Gained mutation: Your skin changes colour to match your surroundings (Stealth). [Xom's grace]
 18471 | D:3      | XOM: vitrification
 19169 | D:4      | XOM: vitrification
 19407 | D:4      | XOM: divination: detect items
 19575 | D:4      | XOM: give mutations
 19575 | D:4      | Gained mutation: Your spells are much harder to cast, but much more powerful. [Xom's grace]
 19575 | D:4      | Lost mutation: You are dopey. (Int -2) [Xom's grace]
 19863 | D:4      | XOM: god gift: runed quarterstaff {god gift}
 19991 | D:4      | XOM is BORED!
 19991 | D:4      | XOM: mild Fire miscast
 19992 | D:5      | Entered Level 5 of the Dungeon
 20044 | D:5      | Reached skill level 1 in Staves
 20133 | D:5      | Found a sand-covered staircase.
 20133 | D:5      | XOM: 3-stop teleportation journey
 20157 | Ossuary  | Entered an ossuary
 20185 | Ossuary  | XOM: potion effect (heal wounds)
 20552 | D:5      | Reached skill level 3 in Dodging
 20604 | D:5      | XOM: divination: detect creatures
 20646 | D:5      | Reached XP level 8. HP: 37/46 MP: 8/8
 21083 | D:5      | XOM: mild Divn miscast
 21516 | D:5      | Reached skill level 4 in Dodging
 21564 | D:6      | XOM: confuse monster(s)
 21590 | D:6      | Reached skill level 5 in Dodging
 21826 | D:6      | XOM: god gift: bone wand {god gift}
 21832 | D:6      | Found a glowing drain.
 21841 | Sewer    | Entered a sewer
 21878 | Sewer    | Noticed Purgy
 21884 | Sewer    | Killed Purgy
 21884 | Sewer    | Reached skill level 6 in Dodging
 22133 | D:6      | XOM: summons 4 hostile demons
 22134 | D:6      | Noticed a rust devil
 22286 | D:6      | Reached skill level 5 in Staves
 22286 | D:6      | Reached XP level 9. HP: 51/51 MP: 9/9
 22314 | D:6      | Found a staircase to the Ecumenical Temple.
 22328 | Temple   | Entered the Ecumenical Temple
 23094 | Temple   | XOM: god gift: phantom mirror
 23240 | Temple   | XOM: divination: detect items
 23241 | Temple   | XOM: mild Conj miscast
 23632 | Temple   | XOM: silly message
 23868 | Temple   | XOM: harmless Air miscast
 23887 | Temple   | XOM: 2-stop teleportation journey
 23979 | Temple   | XOM is BORED!
 23979 | Temple   | XOM: severe Summ miscast
 23980 | Temple   | Noticed a worldbinder
 23980 | Temple   | Noticed a worldbinder
 23981 | Temple   | Noticed a jumping spider
 23981 | Temple   | Noticed an ironheart preserver
 24606 | Temple   | XOM: vitrification
 24657 | Temple   | XOM: god gift: falchion {god gift}
 24964 | Temple   | XOM: god gift: bread ration
 25182 | Temple   | XOM: 4-stop teleportation journey
 25373 | Temple   | XOM: give mutations
 25373 | Temple   | Gained mutation: You have sharp toenails. [Xom's grace]
 25373 | Temple   | Gained mutation: Your muscles are strong. (Str +2) [Xom's grace]
 25373 | Temple   | Gained mutation: You can translocate small distances at will. [Xom's grace]
 25454 | Temple   | XOM: god gift: scroll of blinking
 25823 | Temple   | XOM: give mutations
 25823 | Temple   | Gained mutation: Your mind is acute. (Int +2) [Xom's grace]
 25823 | Temple   | Gained mutation: You have razor-sharp toenails. [Xom's grace]
 26517 | Temple   | XOM: 7-stop teleportation journey
 26628 | Temple   | XOM: 2-stop teleportation journey
 26812 | Temple   | XOM: harmless Erth miscast
 27026 | Temple   | XOM: 1-stop teleportation journey
 27064 | Temple   | XOM: mild Chrm miscast
 27169 | Temple   | XOM: god gift: scale mail {god gift}
 27661 | Temple   | XOM: god gift: plate armour {god gift}
 28172 | Temple   | XOM: god gift: lamp of fire
 28302 | Temple   | XOM: 1-stop teleportation journey
 31114 | Temple   | XOM: 2-stop teleportation journey
 31463 | Temple   | XOM is BORED!
 31463 | Temple   | XOM: give mutations
 31463 | Temple   | Lost mutation: You have a pair of small antennae on your head. [Xom's mischief]
 31463 | Temple   | Lost mutation: Your spells are much harder to cast, but much more powerful. [Xom's mischief]
 31463 | Temple   | Lost mutation: You can translocate small distances at will. [Xom's mischief]
 31463 | Temple   | Lost mutation: Your spells are harder to cast, but more powerful. [Xom's mischief]
 31557 | Temple   | XOM: 1-stop teleportation journey
 32103 | Temple   | XOM: god gift: 9 royal jellies
 32135 | Temple   | XOM: divination: magic mapping
 32325 | Temple   | XOM: harmless Pois miscast
 32374 | Temple   | XOM: medium Necr miscast
 32983 | Temple   | XOM: harmless Fire miscast
 33598 | Temple   | XOM: 4-stop teleportation journey
 33648 | Temple   | XOM: 2-stop teleportation journey
 33741 | Temple   | XOM: god gift: 16 sling bullets of frost
 34076 | Temple   | XOM: 3-stop teleportation journey
 34321 | Temple   | XOM: god gift: 11 arrows of flame
 34426 | Temple   | XOM: god gift: worn gold wand {god gift}
 34459 | Temple   | XOM: 8-stop teleportation journey
 34655 | Temple   | XOM: colour smoke trail
 34704 | Temple   | XOM: silly message
 34749 | Temple   | XOM: medium Divn miscast
 34785 | Temple   | XOM: divination: detect creatures
 34851 | Temple   | XOM: vitrification
 35181 | Temple   | XOM: give mutation
 35181 | Temple   | Gained mutation: Your natural rate of healing is unusually fast. [Xom's grace]
 36245 | Temple   | XOM: divination: detect creatures
 36390 | Temple   | XOM is BORED!
 36390 | Temple   | XOM: give mutation
 36390 | Temple   | Lost mutation: Your spells are a little harder to cast, but a little more powerful. [Xom's mischief]
 36999 | Temple   | XOM: god gift: 21 stones
 37094 | Temple   | XOM: god gift: embroidered hat {god gift}
 39037 | Temple   | XOM: 2-stop teleportation journey
 39322 | D:7      | XOM: enchant monster (bad)
 39330 | D:7      | Reached skill level 7 in Dodging
 39346 | D:7      | XOM: 5-stop teleportation journey
 39507 | D:7      | XOM: summons 2 hostile shadow creatures
 39556 | D:7      | XOM: polymorph orc warrior -> fire bat
 39654 | D:7      | XOM: destruction
 39703 | D:7      | XOM: colour smoke trail
 40001 | D:7      | Reached skill level 8 in Dodging
 40035 | D:7      | XOM: draining
 40456 | D:8      | XOM: stealth player
 40472 | D:8      | Noticed Erolcha
 40474 | D:8      | XOM: harmless Trmt miscast
 40476 | D:8      | XOM: noise
 40557 | D:8      | Killed Erolcha
 40557 | D:8      | Reached skill level 9 in Dodging
 40557 | D:8      | Reached XP level 10. HP: 56/56 MP: 10/10
 40605 | D:8      | Got a jewelled cloak
 40611 | D:8      | Identified the +1 cloak of Dohexuzu {rF+ Str+2 Dex+2} (You found it on level 8 of the Dungeon)
 40660 | D:8      | Identified a scroll of acquirement
 40665 | D:8      | Identified a +8 rod of ignition (11/11) (You acquired it on level 8 of the Dungeon)
 41406 | D:6      | XOM: harmless Ice miscast
 41841 | D:6      | XOM: summons 2 hostile demons
 41842 | D:6      | Noticed a sixfirhy
 42064 | D:4      | Reached skill level 10 in Dodging
 42208 | D:4      | XOM: mild Air miscast
 42365 | D:4      | XOM: mild Chrm miscast
 42388 | D:4      | XOM: harmless Pois miscast
 42451 | D:4      | Noticed Duvessa
 42453 | D:4      | Noticed Dowan
 42461 | D:4      | Killed Duvessa
 42466 | D:4      | Killed Dowan
 42686 | D:6      | XOM: draining
 42739 | D:6      | XOM: silly message
 42761 | D:6      | XOM: mild Pois miscast
 42828 | Temple   | XOM: cast spell 'Hydra Form'
 45703 | Temple   | XOM: silly message
 45881 | Temple   | XOM: silly message
 46280 | Temple   | XOM: divination: detect creatures
 46464 | Temple   | XOM: stat loss: -1 Str (21/22)
 46541 | Temple   | XOM is BORED!
 46541 | Temple   | XOM: noise
 46796 | Temple   | XOM: give mutations
 46796 | Temple   | Gained mutation: You possess an exceptional clarity of mind. [Xom's grace]
 46796 | Temple   | Gained mutation: You have a pair of small horns on your head. [Xom's grace]
 46796 | Temple   | Gained mutation: Your flesh is cold resistant. [Xom's grace]
 47002 | Temple   | XOM: god gift: sack of spiders
 47610 | Temple   | XOM is BORED!
 47610 | Temple   | XOM: severe Tloc miscast
 49276 | Temple   | XOM: divination: detect creatures
 51273 | Temple   | XOM: silly message
 51349 | Temple   | XOM: harmless Ice miscast
 52116 | Temple   | XOM: divination: magic mapping
 52169 | Temple   | XOM: divination: magic mapping
 52884 | Temple   | XOM: divination: detect creatures
 52933 | Temple   | XOM: harmless Necr miscast
 53325 | Temple   | XOM: colour smoke trail
 53470 | Temple   | XOM: cast spell 'Necromutation'
 53963 | Temple   | XOM: harmless Pois miscast
 53995 | Temple   | XOM: god gift: 4 silver tomahawks
 54042 | Temple   | XOM is BORED!
 54042 | Temple   | XOM: summons 2 hostile demons
 54245 | Temple   | XOM: 2-stop teleportation journey
 55490 | Temple   | XOM: divination: detect creatures
 56287 | D:8      | XOM: cast spell 'Summon Butterflies'
 56384 | D:9      | XOM: fog
 56406 | D:9      | Reached skill level 11 in Dodging
 56520 | D:9      | XOM: god gift: glowing long sword {god gift}
 56992 | D:9      | XOM: polymorph orc -> quokka
 57031 | D:9      | XOM: polymorph electric eel -> electric eel
 57176 | D:9      | XOM: give mutations
 57176 | D:9      | Gained mutation: Your mind is very acute. (Int +4) [Xom's grace]
 57176 | D:9      | Gained mutation: Your movements are slightly less encumbered by armour (ER -2). [Xom's grace]
 57349 | D:9      | XOM is BORED!
 57349 | D:9      | XOM: give mutation
 57349 | D:9      | Lost mutation: You tend to lose your temper in combat. [Xom's mischief]
 57424 | D:9      | XOM: harmless Chrm miscast
 58105 | D:9      | XOM: confuse monster(s)
 58110 | D:9      | XOM: potion effect (berserk rage)
 58123 | D:9      | Lost mutation: Your mind is very acute. (Int +4) [mutagenic meat]
 58147 | D:9      | XOM: give mutation
 58147 | D:9      | Lost mutation: Your natural rate of healing is unusually fast. [Xom's mischief]
 58166 | D:9      | XOM: fog
 58180 | D:9      | Reached XP level 11. HP: 28/60 MP: 6/11
 58183 | D:9      | XOM: summons 2 friendly demons
 58185 | D:9      | XOM: confuse monster(s)
 58186 | D:9      | XOM: divination: detect items
 58615 | D:9      | XOM: divination: magic mapping
 58704 | D:9      | XOM: vitrification
 58744 | D:9      | Reached skill level 12 in Dodging
 58885 | D:9      | XOM: enchant monster (good)
 58886 | D:9      | XOM: vitrification
 58896 | D:9      | XOM: divination: detect creatures
 58918 | D:9      | Reached skill level 10 in Staves
 59133 | D:9      | Found a staircase to the Lair.
 59362 | D:9      | XOM: harmless Air miscast
 59741 | D:9      | XOM: severe Pois miscast
 59904 | D:9      | XOM: silly message
 59917 | D:9      | XOM: give mutations
 59917 | D:9      | Lost mutation: Scrolls take you a little longer to read. [Xom's mischief]
 59917 | D:9      | Lost mutation: Your flesh is cold resistant. [Xom's mischief]
 59917 | D:9      | Lost mutation: You possess an exceptional clarity of mind. [Xom's mischief]
 59944 | D:9      | Found a glowing silver altar of Zin.
 59950 | D:9      | Found an iron altar of Okawaru.
 59988 | D:9      | XOM: divination: detect creatures
 60840 | D:9      | XOM: god gift: spear {god gift}
 61354 | D:9      | XOM: mild Chrm miscast
 61549 | D:9      | XOM: noise
 61686 | D:9      | XOM: colour smoke trail
 62441 | D:9      | XOM: summons 5 hostile demons
 63526 | D:9      | XOM is BORED!
 63526 | D:9      | XOM: noise
 63531 | D:9      | Noticed a phantasmal warrior
 63531 | D:9      | XOM: confusion
 63532 | D:10     | Entered Level 10 of the Dungeon
 63587 | D:10     | XOM: blink monster(s)
 63738 | D:10     | Got an iridescent trident
 63739 | D:10     | Identified the +3 trident of Nesov {freeze, rF- Dex+6} (You found it on level 10 of the Dungeon)
 64102 | D:10     | XOM: mild Ice miscast
 64508 | D:10     | XOM: summons 5 hostile demons
 64528 | D:10     | XOM: medium Conj miscast
 64617 | D:10     | XOM: mild Chrm miscast
 64781 | D:10     | XOM: colour smoke trail
 65116 | D:10     | Reached skill level 13 in Dodging
 65545 | D:11     | Noticed a hill giant
 65552 | D:11     | Killed a hill giant
 65638 | D:11     | XOM: mild Air miscast
 65820 | D:11     | XOM is BORED!
 65820 | D:11     | XOM: stat loss: -3 Int (12/15)
 66015 | D:11     | XOM: mild Erth miscast
 66373 | D:11     | XOM: divination: detect items
 66604 | D:11     | XOM: potion effect (berserk rage)
 66697 | D:11     | Noticed a hill giant
 66709 | D:11     | Killed a hill giant
 66850 | D:11     | XOM: divination: detect items
 67583 | D:11     | XOM: cast spell 'Spider Form'
 67706 | D:11     | XOM is BORED!
 67706 | D:11     | XOM: mild Air miscast
 67781 | D:11     | XOM: divination: detect items
 68188 | D:11     | XOM: 2-stop teleportation journey
 68189 | D:11     | Noticed an orc knight
 68189 | D:11     | XOM: summons friendly ufetubus
 68190 | D:11     | XOM: harmless Erth miscast
 68192 | D:11     | Reached XP level 12. HP: 64/64 MP: 12/12
 68203 | D:11     | XOM: summons friendly quasit
 68208 | D:11     | XOM: summons friendly ufetubus
 68218 | D:11     | Reached skill level 14 in Dodging
 68220 | D:11     | XOM: enchant monster (good)
 68306 | D:11     | XOM: divination: detect creatures
 68620 | D:11     | Lost mutation: Your mind is acute. (Int +2) [mutagenic meat]
 68701 | D:11     | XOM: noise
 68728 | D:11     | XOM: god gift: bread ration
 68875 | D:11     | XOM: scenery: 1 doors close
 69162 | D:11     | XOM: 1-stop teleportation journey
 69225 | D:11     | Got a scorched hand axe {holy}
 69226 | D:11     | Identified the +10 hand axe of Poverty {holy, MR+ Str+4 Int+3} (You took it off an orc on level 11 of the Dungeon)
 69641 | D:11     | XOM: cast spell 'Summon Butterflies'
 70242 | D:11     | XOM: scenery: 3 doors close
 70437 | D:11     | XOM: divination: detect creatures
 70501 | D:11     | XOM is BORED!
 70501 | D:11     | XOM: mild Fire miscast
 70690 | D:11     | XOM: potion effect (berserk rage)
 70699 | D:11     | Lost mutation: Your muscles are strong. (Str +2) [mutagenic meat]
 70930 | D:11     | Gained mutation: You expend magic power (3 MP) to strengthen your wands. [mutagenic meat]
 70931 | D:11     | Gained mutation: You occasionally shout uncontrollably at your foes. [mutagenic meat]
 70934 | D:11     | Gained mutation: Your magical capacity is low (-10% MP). [mutagenic meat]
 71140 | D:9      | Noticed an eight-headed hydra
 71141 | D:9      | XOM: confuse monster(s)
 71516 | Temple   | XOM: 1-stop teleportation journey
 71751 | Temple   | XOM: divination: detect creatures
 71944 | Temple   | XOM: cast spell 'Hydra Form'
 72060 | Temple   | XOM: mild Pois miscast
 72125 | Temple   | XOM: 2-stop teleportation journey
 72168 | Temple   | XOM: noise
 72195 | Temple   | XOM: colour smoke trail
 72585 | Temple   | XOM: god gift: 2 needles of confusion
 72822 | Temple   | XOM: 2-stop teleportation journey
 72956 | Temple   | XOM: divination: magic mapping
 73009 | Temple   | XOM: silly message
 73728 | Temple   | XOM: harmless Fire miscast
 73826 | Temple   | XOM: harmless Erth miscast
 74879 | Temple   | XOM is BORED!
 74879 | Temple   | XOM: silly message
 75223 | Temple   | XOM: harmless Tloc miscast
 75835 | Temple   | XOM: divination: detect creatures
 76127 | Temple   | XOM is BORED!
 76127 | Temple   | XOM: noise
 76202 | Temple   | XOM: silly message
 76252 | Temple   | XOM: colour smoke trail
 76606 | D:9      | Killed an eight-headed hydra
 76730 | D:12     | XOM: enchant monster (good)
 76744 | D:12     | XOM: confuse monster(s)
 76763 | D:12     | XOM: summons 6 friendly demons
 76904 | D:12     | Reached skill level 15 in Dodging
 76920 | D:12     | Noticed an eight-headed hydra
 76946 | D:12     | Found a sparkling altar of Nemelex Xobeh.
 76971 | D:12     | XOM: smoke on damage
 77000 | D:12     | Found a staircase to the Orcish Mines.
 77098 | D:12     | XOM: god gift: 14 exploding sling bullets
 77144 | D:12     | XOM: confuse monster(s)
 77209 | D:12     | XOM is BORED!
 77209 | D:12     | XOM: medium Summ miscast
 77540 | D:12     | XOM: 3-stop teleportation journey
 77671 | D:12     | XOM: summons 2 hostile demons
 77716 | D:12     | Noticed a death knight
 77718 | D:12     | XOM: 2-stop teleportation journey
 77728 | D:12     | Reached XP level 13. HP: 68/68 MP: 11/11
 77814 | D:12     | XOM: butterfly on damage
 77824 | D:12     | XOM: enchant monster (bad)
 77868 | D:12     | XOM: cast spell 'Chain of Chaos'
 78026 | D:12     | Killed an eight-headed hydra
 78155 | D:12     | Noticed a centaur warrior
 78165 | D:12     | Killed a centaur warrior
 78244 | D:12     | XOM: mild Chrm miscast
 79293 | D:12     | XOM: colour smoke trail
 79302 | D:13     | Noticed Snorg
 79313 | D:13     | XOM: confuse monster(s)
 79316 | D:13     | Killed Snorg
 79316 | D:13     | Reached skill level 16 in Dodging
 79327 | D:13     | Noticed a centaur warrior
 79328 | D:13     | XOM: confuse monster(s)
 79329 | D:13     | Noticed Urug
 79333 | D:13     | XOM: blink monster(s)
 79345 | D:13     | Killed Urug
 79356 | D:13     | Killed a centaur warrior
 79548 | D:13     | XOM: confusion
 79740 | D:13     | Gained mutation: You have sharp fingernails. [mutagenic meat]
 79741 | D:13     | Lost mutation: Your magical capacity is low (-10% MP). [mutagenic meat]
 79742 | D:13     | Lost mutation: You are surrounded by a moderate repulsion field (EV +3). [mutagenic meat]
 79744 | D:13     | Gained mutation: Your muscles are strong. (Str +2) [mutagenic meat]
 80035 | D:13     | XOM: noise
 80044 | D:13     | Reached skill level 1 in Armour
 80118 | D:13     | Reached skill level 1 in Maces & Flails
 80234 | D:14     | Found a gate to the Vaults.
 80234 | D:14     | Noticed Rupert
 80337 | D:14     | XOM: mild Conj miscast
 80384 | D:14     | XOM: enchant monster (bad)
 80411 | D:14     | XOM: harmless Erth miscast
 80519 | D:14     | Noticed an angel
 80520 | D:14     | Found a glowing silver altar of Zin.
 80676 | D:14     | Noticed a centaur warrior
 80690 | D:14     | Killed a centaur warrior
 80715 | D:14     | Found a frozen archway.
 80717 | D:14     | XOM: mild Conj miscast
 80722 | D:14     | Reached XP level 14. HP: 44/76 MP: 7/14
 80733 | IceCv    | Entered an ice cave
 80825 | IceCv    | XOM: noise
 80847 | IceCv    | XOM: noise
 80850 | IceCv    | XOM: enchant monster (good)
 80851 | IceCv    | XOM: confuse monster(s)
 80860 | IceCv    | Reached skill level 5 in Fighting
 80917 | IceCv    | XOM: give mutation
 80917 | IceCv    | Lost mutation: You occasionally shout uncontrollably at your foes. [Xom's mischief]
 80930 | IceCv    | Reached skill level 17 in Dodging
 81076 | IceCv    | XOM: confuse monster(s)
 81093 | IceCv    | XOM: 2-stop teleportation journey
 81182 | IceCv    | XOM: confuse monster(s)
 81265 | IceCv    | XOM: harmless Pois miscast
 81270 | IceCv    | Reached skill level 1 in Shields
 81355 | IceCv    | Noticed a frost giant
 81369 | IceCv    | Lost mutation: You are agile. (Dex +2) [potion of mutation]
 81369 | IceCv    | Lost mutation: Your muscles are strong. (Str +2) [potion of mutation]
 81370 | IceCv    | Gained mutation: You are frail (-10% HP). [potion of mutation]
 81370 | IceCv    | Gained mutation: You tend to lose your temper in combat. [potion of mutation]
 81371 | IceCv    | XOM: 1-stop teleportation journey
 81405 | IceCv    | XOM: harmless Conj miscast
 81454 | IceCv    | Gained mutation: You have supernaturally acute eyesight. [potion of mutation]
 81454 | IceCv    | Lost mutation: You tend to lose your temper in combat. [potion of mutation]
 81454 | IceCv    | Gained mutation: You are very frail (-20% HP). [potion of mutation]
 81530 | IceCv    | XOM: give mutations
 81530 | IceCv    | Lost mutation: You are very frail (-20% HP). [Xom's mischief]
 81530 | IceCv    | Lost mutation: You have razor-sharp toenails. [Xom's mischief]
 81532 | IceCv    | Noticed a shadow dragon
 81532 | IceCv    | a frost giant changed into a shadow dragon
 81532 | IceCv    | XOM: polymorph frost giant -> shadow dragon
 81545 | IceCv    | XOM: enchant monster (bad)
 81552 | IceCv    | Killed a shadow dragon
 81665 | IceCv    | XOM: silly message
 81751 | D:14     | XOM: medium Chrm miscast
 81766 | D:14     | XOM: divine lightning (protected)
 81768 | D:14     | Killed Rupert
 81768 | D:14     | Reached skill level 5 in Maces & Flails
 81782 | D:14     | XOM: swap monsters
 81784 | D:14     | XOM: confuse monster(s)
 81800 | D:14     | XOM: cast spell 'Death Channel'
 81855 | D:14     | XOM: destruction
 82188 | D:14     | XOM: fog
 82446 | Temple   | XOM: god gift: gnarled glowing rod {god gift}
 83018 | Temple   | XOM: 1-stop teleportation journey
 83284 | Temple   | XOM: god gift: 17 gold pieces
 83870 | Temple   | XOM: divination: detect creatures
 83948 | Temple   | XOM: give mutation
 83948 | Temple   | Gained mutation: You have very sharp fingernails. [Xom's mischief]
 84735 | Temple   | XOM: medium Chrm miscast
 84953 | Temple   | XOM: 2-stop teleportation journey
 85088 | Temple   | Fell from the grace of Xom
 85088 | Temple   | Became a worshipper of Gozag Ym Sagoz the Greedy
 85209 | Lair:1   | Entered Level 1 of the Lair of Beasts
 85387 | Lair:1   | XOM: blink monster(s)
 85520 | Lair:1   | Reached skill level 5 in Armour
 85521 | Lair:1   | XOM: mild Chrm miscast
 85528 | Lair:1   | Got a twitching silver ring
 85530 | Lair:1   | Identified the ring of Pride {Ice rElec Int-5 Dex+4 Slay+3} (You found it on level 1 of the Lair of Beasts)
 85772 | Lair:1   | XOM: severe Fire miscast
 85881 | Lair:1   | Reached XP level 15. HP: 65/75 MP: 15/15
 86085 | Lair:2   | XOM: noise
 86193 | Lair:2   | XOM: summons 3 hostile shadow creatures
 87125 | Lair:3   | Noticed Nergalle
 87172 | Lair:3   | Reached skill level 18 in Dodging
 87181 | Lair:3   | Killed Nergalle
 87235 | Lair:3   | XOM: give mutations
 87235 | Lair:3   | Lost mutation: You are frail (-10% HP). [Xom's mischief]
 87235 | Lair:3   | Lost mutation: You have a pair of small horns on your head. [Xom's mischief]
 87439 | Lair:3   | XOM: noise
 87475 | Lair:3   | XOM: draining
 87556 | Lair:3   | XOM: divine lightning (protected)
 87686 | Lair:3   | XOM: noise
 88203 | Lair:4   | XOM: mild Trmt miscast
 88620 | Lair:4   | XOM: summons 8 hostile demons
 88623 | Lair:4   | Gained mutation: You regenerate slowly when monsters are visible. [a neqoxec]
 88643 | Lair:4   | Lost mutation: You regenerate slowly when monsters are visible. [potion of cure mutation]
 88643 | Lair:4   | Lost mutation: You have very sharp fingernails. [potion of cure mutation]
 88643 | Lair:4   | Lost mutation: You are partially covered in iridescent scales (AC +4). [potion of cure mutation]
 88787 | Lair:5   | Found a staircase to the Shoals.
 88789 | Lair:5   | Reached skill level 5 in Shields
 88967 | Lair:5   | XOM: give mutation
 88967 | Lair:5   | Lost mutation: You have sharp toenails. [Xom's mischief]
 89024 | Lair:5   | XOM: summons 7 hostile demons
 89292 | Lair:5   | XOM: give mutation
 89292 | Lair:5   | Gained mutation: You are clumsy. (Dex -2) [Xom's mischief]
 89365 | Lair:5   | XOM: medium Tloc miscast
 89770 | Lair:6   | Found a viscous altar of Jiyva.
 89777 | Lair:6   | Found a staircase to the Slime Pits.
 89825 | Lair:6   | XOM: 1-stop teleportation journey
 89888 | Lair:6   | Found a dark tunnel.
 89903 | Volcano  | Entered a volcano
 90072 | Volcano  | Found a burning altar of Makhleb.
 90091 | Volcano  | Paralysed by an ogre mage for 3 turns
 90203 | Volcano  | Reached XP level 16. HP: 78/92 MP: 13/16
 90439 | Lair:6   | Got a steaming buckler
 90494 | Lair:6   | XOM: give mutations
 90494 | Lair:6   | Gained mutation: Armour fits poorly on your strangely shaped body. [Xom's mischief]
 90494 | Lair:6   | Lost mutation: Armour fits poorly on your strangely shaped body. [Xom's mischief]
 90494 | Lair:6   | Gained mutation: Armour fits poorly on your strangely shaped body. [Xom's mischief]
 90649 | Lair:6   | XOM: medium Ice miscast
 90747 | Lair:6   | XOM: torment (39/92 hp)
 90770 | Lair:6   | Found a staircase to the Snake Pit.
 90846 | Lair:6   | HP: 4/92 [eight-headed hydra (7)]
 91215 | Lair:6   | Identified the +4 buckler of Chill Winds {*Confuse rF+ Int+3 Dex+5} (You found it on level 6 of the Lair of Beasts)
 91310 | Lair:7   | XOM: blink monster(s)
 91705 | Lair:7   | Got an encrusted hat
 91716 | Lair:7   | Identified the +4 hat of Tulips {Stlth+} (You acquired it on level 7 of the Lair of Beasts)
 92002 | Lair:8   | Entered Level 8 of the Lair of Beasts
 92737 | Lair:8   | Reached skill level 19 in Dodging
 92873 | Lair:8   | Got a bloodstained morningstar
 92874 | Lair:8   | Identified the +4 morningstar of the First Realms {venom, Int+5} (You found it on level 8 of the Lair of Beasts)
 92933 | Lair:8   | XOM: give mutations
 92933 | Lair:8   | Lost mutation: You expend magic power (3 MP) to strengthen your wands. [Xom's mischief]
 92933 | Lair:8   | Lost mutation: You are clumsy. (Dex -2) [Xom's mischief]
 92976 | Lair:8   | XOM: summons 2 hostile demons
 93624 | Orc:1    | Entered Level 1 of the Orcish Mines
 93638 | Orc:1    | Noticed Fannar
 93652 | Orc:1    | Killed Fannar
 93652 | Orc:1    | Reached skill level 1 in Evocations
 93653 | Orc:1    | Gained mutation: You tend to lose your temper in combat. [a neqoxec]
 93753 | Orc:1    | XOM: mild Summ miscast
 93786 | Orc:1    | Found a roughly hewn altar of Beogh.
 93941 | Orc:1    | Found Wuer Zij's Gadget Boutique.
 94044 | Orc:2    | Entered Level 2 of the Orcish Mines
 94208 | Orc:2    | Found a staircase to the Elven Halls.
 94387 | Orc:2    | Paralysed by an orc sorcerer for 7 turns
 94602 | Orc:1    | XOM: summons 2 hostile shadow creatures
 94602 | Orc:1    | Was forgiven by Xom
 94863 | Orc:2    | Found a roughly hewn altar of Beogh.
 94871 | Orc:2    | Found Ippuc's Antique Armour Emporium.
 94880 | Orc:2    | Found Daosadwonel's Book Emporium.
 94989 | Orc:2    | Found a roughly hewn altar of Beogh.
 95115 | Orc:2    | Found Ruconag's Antique Weapon Emporium.
 95203 | Orc:2    | Found Ahiben's General Store.
 95209 | Orc:2    | Bought a potion of mutation for 30 gold pieces
 95209 | Orc:2    | Gained mutation: Your spells are a little harder to cast, but a little more powerful. [potion of mutation]
 95209 | Orc:2    | Gained mutation: You evolve. [potion of mutation]
 95456 | Elf:1    | Entered Level 1 of the Elven Halls
 95721 | Elf:1    | Noticed a deep elf sorcerer
 95795 | Orc:2    | Bought a leatherbound manual for 345 gold pieces
 95927 | Elf:1    | Reached XP level 17. HP: 97/99 MP: 19/19
 95964 | Elf:1    | HP: 1/99 [deep elf knight/shard of ice[a deep elf high priest] (23)]
 95966 | Elf:1    | Splashed by a deep elf sorcerer's acid

Vault maps used:
D:1:      elethiomel_arrival_maze, minmay_misc_feat_chi
D:2:      kennysheep_nub
D:3:      first_bread, kennysheep_generic_room_16, uniq_iyjb
D:4:      kennysheep_generic_room_15, uniq_duvessa
D:5:      nicolae_ossuary_entry_monument, roderic_lattice_a, kennysheep_potato
D:6:      temple_hall, portal_sewer_entry_f, kennysheep_generic_room_7
D:7:      grunt_ogre_cave, grunt_ministairs_12
D:8:      uniq_erolcha
D:9:      zin_scriptorium, kennysheep_okawaru_gauntlet, dpeg_lair_monsters,
          hive_lemuel
D:12:     david_orc_3, basic_altar, grunt_tough_drop
D:13:     uniq_urug, uniq_snorg
D:14:     david_vaults_3, portal_ice_cave_demonic_guard, zin_angel
Temple:   grunt_circular_temple_18
Lair:1:   beast_lair_carwin_large_3
Lair:2:   grunt_megastairs_2
Lair:3:   st_stairs_9, worms_lemuel, lemuel_fruit_fields, uniq_nergalle
Lair:5:   minmay_shoals_entry_centaurs, nicolae_quartered_pool_super,
          beast_lair_carwin_6
Lair:6:   guppyfry_snake_entry_garden, slime_altar_1,
          nicolae_volcano_entry_vermiform
Lair:7:   lemuel_fruit_fields
Lair:8:   grunt_lair_end_beastmaster, serial_bayou_pond_b
Orc:1:    serial_shops, nicolae_shop_behind_doors, shop_fountains, mines2_david,
          uniq_fannar
Orc:2:    grunt_orc_cross, basic_altar
Elf:1:    elf_arrival_001, kennysheep_underground_church
Sewer:    kennysheep_door_sewer
Ossuary:  ossuary_tomb_3
IceCv:    ice_cave_caverns_01
Volcano:  volcano_lake

Skill      XL: |  1  2  3  4  5  6  7  8  9 10 11 12 13 14 15 16 |
---------------+-------------------------------------------------+-----
Polearms       | 3 4 5 6 |  6.3
Staves         | 3 5 7 9 11 12 13 | 13.3
Dodging        | 3 6 9 11 13 15 16 17 18 19 | 19.1
Armour         | 2 5 7 8 |  8.5
Maces & Flails | 3 5 6 7 |  7.6
Fighting       | 4 6 7 8 |  8.9
Shields        | 3 5 7 |  7.6
Evocations     | 3 |  3.2

Action                   |  1- 3 |  4- 6 |  7- 9 | 10-12 | 13-15 | 16-18 || total
-------------------------+-------+-------+-------+-------+-------+-------++-------
Melee: Spear             |    95 |   247 |     4 |       |       |       ||   346
       Quarterstaff      |       |       |   304 |   670 |   145 |       ||  1119
       Eveningstar       |       |       |       |       |  1159 |   691 ||  1850
Invok: Call Merchant     |       |       |       |       |       |     6 ||     6
Evoke: Rod               |       |     3 |       |     2 |     3 |     2 ||    10
       Wand              |       |       |     3 |     1 |     4 |     1 ||     9
       Sack of spiders   |       |       |       |     1 |     2 |       ||     3
       Lamp of fire      |       |       |       |     1 |     1 |     1 ||     3
       Box of beasts     |       |       |       |       |       |     1 ||     1
  Use: Potion            |     1 |     2 |     1 |     3 |    13 |     9 ||    29
       Scroll            |       |     6 |     9 |     7 |    20 |    13 ||    55
 Stab: Paralysed         |     2 |     1 |       |     3 |       |       ||     6
       Petrified         |     1 |       |       |       |       |     1 ||     2
       Sleeping          |       |     1 |     9 |     6 |     5 |       ||    21
       Confused          |       |     2 |     1 |    10 |     9 |       ||    22
       Distracted        |       |       |     1 |     8 |    14 |     6 ||    29
       Petrifying        |       |       |       |       |       |     1 ||     1
  Eat: Chunk             |    15 |    47 |    35 |    90 |    27 |       ||   214
       Royal jelly       |       |       |    10 |     1 |       |     2 ||    13
       Meat ration       |       |       |     3 |     3 |     3 |     2 ||    11
       Beef jerky        |       |       |     1 |     8 |     1 |       ||    10
       Pizza             |       |       |     1 |     1 |       |     1 ||     3
